 Dungeon Crawl Stone Soup version 0.29.1-12-g30fa7ad0bf (webtiles) character file.

Game seed: 8686099781781152677

88 MisterFreud the Trooper (level 4, -2/38 HPs)
             Began as a Formicid Wanderer on Dec 17, 2022.
             Was a High Priest of Ignis.
             Slain by an orc priest
             ... wielding a +0 short sword of flaming
              (3 damage)
             ... on level 3 of the Dungeon.
             The game lasted 00:03:59 (3057 turns).

MisterFreud the Trooper (Formicid Wanderer)         Turns: 3057, Time: 00:03:59

Health: -2/38      AC:  3    Str: 17    XL:     4   Next: 82%
Magic:  2/8        EV: 11    Int: 15    God:    Ignis [*****.]
Gold:   199        SH:  0    Dex: 11    Spells: 8/9 levels left

rFire   + . .      SeeInvis +   e - +0 long sword
rCold   . . .      Faith    .   (no shield)
rNeg    . . .      Spirit   .   d - +0 leather armour
rPois   .          Reflect  .   (helmet unavailable)
rElec   .          Harm     .   (no cloak)
rCorr   .          Rampage  .   (no gloves)
Will    .....                   (no boots)
Stlth   +.........              (no amulet)
HPRegen 0.12/turn               (no ring)
MPRegen 0.11/turn               (no ring)

@: flying
A: permanent stasis, dig shafts and tunnels, antennae 3, four strong arms
a: Dig, Shaft Self, Renounce Religion, Fiery Armour, Foxfire Swarm, Rising Flame


You were on level 3 of the Dungeon.
You worshipped Ignis.
Ignis was extremely pleased with you.
You visited 1 branch of the dungeon, and saw 4 of its levels.

You collected 199 gold pieces.

Inventory:

Hand Weapons
 a - a +0 dagger
 e - a +0 long sword (weapon)
Missiles
 b - 14 poisoned darts (quivered)
 g - 3 datura-tipped darts
 h - 3 boomerangs
Armour
 d - a +0 leather armour (worn)
Wands
 j - a wand of roots (5)
Scrolls
 f - a scroll of identify {unknown}
 m - a scroll of butterflies {unknown}
Potions
 c - a potion of lignification
 i - a potion of haste
 l - a potion of mutation {unknown}


   Skills:
 + Level 4.3 Fighting
 + Level 0.3 Long Blades
 - Level 3.0 Throwing
 - Level 3.2 Spellcasting
 - Level 2.6 Conjurations
 - Level 1.0 Fire Magic


You had 8 spell levels left.
You knew the following spells:

 Your Spells              Type           Power      Damage    Failure   Level
a - Magic Dart            Conj           40%        1d5       8%          1

Your spell library contained the following spells:

 Spells                   Type           Power      Damage    Failure   Level
 Foxfire                  Conj/Fire      32%        2x1d5     11%         1
 Shock                    Conj/Air       24%        1d4       14%         1
 Conjure Flame            Conj/Fire      8%         6-21      32%         3
 Ignite Poison            Fire/Tmut/Pois 3%         N/A       54%         3


Dungeon Overview and Level Annotations

Branches:
Dungeon (4/15)
 Temple: D:4-7

Altars:
Ignis

Annotations:
D:2 Robin


Innate Abilities, Weirdness & Mutations

You cannot be hasted, slowed, berserked, paralysed or teleported.
You can dig through walls and to a lower floor.
You have a pair of large antennae on your head. (SInv)
Your four strong arms can wield two-handed weapons with a shield.


Message History

You hit the orc priest.
The orc priest is heavily wounded.
The orc priest hits you with a +0 short sword of flaming.
You closely miss the orc priest.
The orc priest is heavily wounded.
The orc priest miscasts a cantrip.
You closely miss the orc priest.
The orc priest is heavily wounded.
The orc priest hits you with a +0 short sword of flaming.
The orc priest burns you.
The orc priest hits you but does no damage.
Your magical contamination has completely faded away.
You hit the orc priest.
You punch the orc priest, but do no damage.
The orc priest is severely wounded.
The orc priest mumbles some strange prayers to Beogh against you.
Pain shoots through your body!
You hit the orc priest but do no damage.
The orc priest is severely wounded.
The orc priest hits you with a +0 short sword of flaming.
* * * LOW HITPOINT WARNING * * *
The orc priest hits you with a +0 short sword of flaming.
* * * LOW HITPOINT WARNING * * *
The orc priest burns you.
* * * LOW HITPOINT WARNING * * *
Unknown command.
You closely miss the orc priest.
The orc priest is severely wounded.
The orc priest barely misses you.
It was a potion of haste.
Your stasis prevents you from being hasted.
The orc priest hits you with a +0 short sword of flaming.
* * * LOW HITPOINT WARNING * * *
The orc priest burns you.
* * * LOW HITPOINT WARNING * * *
It was a potion of flight.
You feel very buoyant.
You fly up into the air.
The orc priest hits you with a +0 short sword of flaming.
You die...

...................#
########...........#
#...........#
####.##........
...............
...............
#........#####.#
#........#####...
#........@ooooS#
........#####...
........# ........#
........# ........#
#######.. #.#


You could see an orc priest, an adder and 3 orcs.

Vanquished Creatures
  An adder (D:2)
  An ufetubus (D:4)
  A dart slug (D:3)
  2 orcs (D:3)
  5 ball pythons
  8 bats
  10 endoplasms
  3 giant cockroaches
  8 goblins
  2 hobgoblins
  6 jackals (D:1)
  3 kobolds
  3 quokkas
  2 frilled lizards
  5 rats
60 creatures vanquished.

Notes
Turn   | Place    | Note
-------+----------+-------------------------------------------
     0 | D:1      | MisterFreud the Formicid Wanderer began the quest for the
                  | Orb.
     0 | D:1      | MisterFreud set off with the following items: a +0 dagger,
                  | 14 poisoned darts, a potion of lignification, a +0 leather
                  | armour; and the following spells available to memorise:
                  | Magic Dart, Foxfire, Shock, Conjure Flame, Ignite Poison.
     0 | D:1      | Reached XP level 1. HP: 13/13 MP: 4/4
    94 | D:1      | Reached skill level 1 in Fighting
   105 | D:1      | Reached XP level 2. HP: 4/22 MP: 6/6
   446 | D:1      | Reached skill level 2 in Fighting
   559 | D:1      | Learned a level 1 spell: Magic Dart
  1104 | D:1      | Reached XP level 3. HP: 23/28 MP: 7/7
  1360 | D:1      | Reached skill level 3 in Fighting
  2106 | D:2      | Reached XP level 4. HP: 37/37 MP: 2/8
  2354 | D:2      | Found a faded altar of an unknown god.
  2361 | D:2      | Prayed at the altar of an unknown god.
  2361 | D:2      | Became a worshipper of Ignis, the Dying Flame
  2518 | D:2      | Noticed Robin
  2531 | D:2      | You fall into a shaft and drop 2 floors!
  2699 | D:4      | Reached skill level 4 in Fighting
  3056 | D:3      | HP: 1/38 [orc priest/+0 short sword of flaming (1)]
  3057 | D:3      | Slain by an orc priest

Illustrated notes

Levels and vault maps discovered:
D:1:      amcnicky_arrival_single_pillar, layout_basic, minmay_ruptured
D:2:      layout_loops_corners, serial_forest, infiniplex_forest_lined_corner,
          infiniplex_forest_zigzag_2, infiniplex_forest_lined_3,
          infiniplex_forest_corner_1, infiniplex_forest_end_1,
          infiniplex_forest_diagonal, hellmonk_ecumenical_altar_arch_garden,
          kennysheep_generic_room_15, uniq_robin
D:3:      layout_basic, minmay_joined_circles
D:4:      layout_basic, temple_doors_e

Skill      XL: |  1  2  3  4 |
---------------+-------------+-----
Fighting       | 1 2 3 4 |  4.3
Long Blades    | |  0.3
Throwing       | |  3.0
Spellcasting   | |  3.2
Conjurations   | |  2.6
Fire Magic     | |  1.0

Action                   |  1- 3 |  4- 6 || total
-------------------------+-------+-------++-------
Melee: Dagger            |   136 |       ||   136
       Punch             |     1 |     1 ||     2
       Long sword        |       |    35 ||    35
 Cast: Magic Dart        |    29 |    39 ||    68
 Abil: Shaft Self        |       |     1 ||     1
  Use: Scroll            |     2 |       ||     2
       Potion            |       |     2 ||     2
 Stab: Sleeping          |     1 |       ||     1
Armor: Leather armour    |    59 |    10 ||    69
Dodge: Dodged            |    86 |    29 ||   115
